Workbook

Sheet Dados
A1: DADOS DA OBRA
A2: PREFEITURA MUNICIPAL DA ESTÂNCIA TURÍSTICA DE IBIÚNA
A3: OBJETO:REFORMA DA FACHADA DO HOSPITAL
A4: ENDEREÇO: AVENIDA GABRIEL MONTEIRO DA SILVA Nº 888 - CENTRO - IBIÚNA - SP
A5: DATA DA ELABORAÇÃO: 14/04/2026
A6: FONTE: CDHU 201 - SINAPI MARÇO/2026 - AMBOS DESONERADOS
A7: PRAZO DE EXECUÇÃO: 06 MESES
A10: RECURSOS FINANCEIROS
A11: Valor de recurso convenial disponibilizado | H11: 0
A13: DADOS DO PROFISSIONAL
A14: Nome: | B14: JEFERSON JOSÉ VIEIRA RUIVO
A15: Título: | B15: ENGENHEIRO CIVIL
A16: CREA/CAU: | B16: 5070232434

Sheet BDI
A1: COMPOSIÇÃO DEMONSTRATIVA DE BDI
A2: PREFEITURA MUNICIPAL DA ESTÂNCIA TURÍSTICA DE IBIÚNA
A3: =Dados!A3 -> OBJETO:REFORMA DA FACHADA DO HOSPITAL
A4: =Dados!A4 -> ENDEREÇO: AVENIDA GABRIEL MONTEIRO DA SILVA Nº 888 - CENTRO - IBIÚNA - SP
A5: =Dados!A5 -> DATA DA ELABORAÇÃO: 14/04/2026
A6: =Dados!A6 -> FONTE: CDHU 201 - SINAPI MARÇO/2026 - AMBOS DESONERADOS
A7: =Dados!A7 -> PRAZO DE EXECUÇÃO: 06 MESES
A9: TIPO DE OBRA DO EMPREENDIMENTO | H9: DESONERAÇÃO
A10: Construção e Reforma de Edifícios | H10: Sim | M10: Coluna1
M11: Sim
A12: Percentual para base de cálculo do ISS | H12: 1 | M12: Não
A13: Alíquota de ISS | H13: 0.025
A15: Itens | E15: Siglas | F15: % Adotado | G15: Situação | H15: Intervalo de admissibilidade | M15: Coluna1
H16: 1º Quartil | I16: Médio | J16: 3º Quartil | M16: Construção e Reforma de Edifícios
A17: Administração Central | E17: AC | F17: 0.0345 | G17: =IF(OR(F17<H17,F17>J17),"NÃO OK","OK") -> OK | H17: =IF($A$10=$M$16,M21,IF($A$10="Construção de Praças Urbanas, Rodovias, Ferrovias e Recapeamento e Pavimentação de Vias Urbanas",M32,M54)) -> 0.03 | I17: =IF($A$10=$M$16,N21,IF($A$10="Construção de Praças Urbanas, Rodovias, Ferrovias e Recapeamento e Pavimentação de Vias Urbanas",N32,N54)) -> 0.04 | J17: =IF($A$10=$M$16,O21,IF($A$10="Construção de Praças Urbanas, Rodovias, Ferrovias e Recapeamento e Pavimentação de Vias Urbanas",O32,O54)) -> 0.055 | M17: Construção de Praças Urbanas, Rodovias, Ferrovias e Recapeamento e Pavimentação de Vias Urbanas
A18: Seguro e Garantia | E18: SG | F18: 0.008 | G18: =IF(OR(F18<H18,F18>J18),"NÃO OK","OK") -> OK | H18: =IF($A$10=$M$16,M22,IF($A$10="Construção de Praças Urbanas, Rodovias, Ferrovias e Recapeamento e Pavimentação de Vias Urbanas",M33,M55)) -> 0.008 | I18: =IF($A$10=$M$16,N22,IF($A$10="Construção de Praças Urbanas, Rodovias, Ferrovias e Recapeamento e Pavimentação de Vias Urbanas",N33,N55)) -> 0.008 | J18: =IF($A$10=$M$16,O22,IF($A$10="Construção de Praças Urbanas, Rodovias, Ferrovias e Recapeamento e Pavimentação de Vias Urbanas",O33,O55)) -> 0.01 | M18: Fornecimento de Materiais e Equipamentos
A19: Risco | E19: R | F19: 0.012 | G19: =IF(OR(F19<H19,F19>J19),"NÃO OK","OK") -> OK | H19: =IF($A$10=$M$16,M23,IF($A$10="Construção de Praças Urbanas, Rodovias, Ferrovias e Recapeamento e Pavimentação de Vias Urbanas",M34,M56)) -> 0.0097 | I19: =IF($A$10=$M$16,N23,IF($A$10="Construção de Praças Urbanas, Rodovias, Ferrovias e Recapeamento e Pavimentação de Vias Urbanas",N34,N56)) -> 0.0127 | J19: =IF($A$10=$M$16,O23,IF($A$10="Construção de Praças Urbanas, Rodovias, Ferrovias e Recapeamento e Pavimentação de Vias Urbanas",O34,O56)) -> 0.0127 | M19: Obras de Educação
A20: Despesas Financeiras | E20: DF | F20: 0.0059 | G20: =IF(OR(F20<H20,F20>J20),"NÃO OK","OK") -> OK | H20: =IF($A$10=$M$16,M24,IF($A$10="Construção de Praças Urbanas, Rodovias, Ferrovias e Recapeamento e Pavimentação de Vias Urbanas",M35,M57)) -> 0.0059 | I20: =IF($A$10=$M$16,N24,IF($A$10="Construção de Praças Urbanas, Rodovias, Ferrovias e Recapeamento e Pavimentação de Vias Urbanas",N35,N57)) -> 0.0123 | J20: =IF($A$10=$M$16,O24,IF($A$10="Construção de Praças Urbanas, Rodovias, Ferrovias e Recapeamento e Pavimentação de Vias Urbanas",O35,O57)) -> 0.0139 | M20: Sem aplicação de BDI
A21: Lucro | E21: L | F21: 0.065 | G21: =IF(OR(F21<H21,F21>J21),"NÃO OK","OK") -> OK | H21: =IF($A$10=$M$16,M25,IF($A$10="Construção de Praças Urbanas, Rodovias, Ferrovias e Recapeamento e Pavimentação de Vias Urbanas",M36,M58)) -> 0.0616 | I21: =IF($A$10=$M$16,N25,IF($A$10="Construção de Praças Urbanas, Rodovias, Ferrovias e Recapeamento e Pavimentação de Vias Urbanas",N36,N58)) -> 0.074 | J21: =IF($A$10=$M$16,O25,IF($A$10="Construção de Praças Urbanas, Rodovias, Ferrovias e Recapeamento e Pavimentação de Vias Urbanas",O36,O58)) -> 0.0896 | M21: 0.03 | N21: 0.04 | O21: 0.055
A22: Tributos (impostos COFINS 3%, e PIS 0,65%) | E22: CP | F22: 0.0365 | G22: =IF(OR(F22<H22,F22>J22),"NÃO OK","OK") -> OK | H22: =IF($A$10=$M$16,M26,IF($A$10="Construção de Praças Urbanas, Rodovias, Ferrovias e Recapeamento e Pavimentação de Vias Urbanas",M37,M59)) -> 0.0365 | I22: =IF($A$10=$M$16,N26,IF($A$10="Construção de Praças Urbanas, Rodovias, Ferrovias e Recapeamento e Pavimentação de Vias Urbanas",N37,N59)) -> 0.0365 | J22: =IF($A$10=$M$16,O26,IF($A$10="Construção de Praças Urbanas, Rodovias, Ferrovias e Recapeamento e Pavimentação de Vias Urbanas",O37,O59)) -> 0.0365 | M22: 0.008 | N22: 0.008 | O22: 0.01
A23: Tributos (ISS, variável de acordo com o município) | E23: ISS | F23: =IF(A10="Fornecimento de Materiais e Equipamentos",0,H12*H13) -> 0.025 | G23: =IF(OR(F23<H23,F23>J23),"NÃO OK","OK") -> OK | H23: =IF($A$10=$M$16,M27,IF($A$10="Construção de Praças Urbanas, Rodovias, Ferrovias e Recapeamento e Pavimentação de Vias Urbanas",M38,M60)) -> 0 | I23: =IF($A$10=$M$16,N27,IF($A$10="Construção de Praças Urbanas, Rodovias, Ferrovias e Recapeamento e Pavimentação de Vias Urbanas",N38,N60)) -> 0.025 | J23: =IF($A$10=$M$16,O27,IF($A$10="Construção de Praças Urbanas, Rodovias, Ferrovias e Recapeamento e Pavimentação de Vias Urbanas",O38,O60)) -> 0.05 | M23: 0.0097 | N23: 0.0127 | O23: 0.0127
A24: Tributos (Contribuição Previdenciária - 0% ou 4,5%, conforme Lei 12.844/2013 - Desoneração) | E24: CPRB | F24: =IF(H10="Sim",4.5%,0%) -> 0.045 | G24: =IF(AND(F24>=H24, F24<=J24), "OK", "NÃO OK") -> OK | H24: =IF($A$10=$M$16,M28,IF($A$10="Construção de Praças Urbanas, Rodovias, Ferrovias e Recapeamento e Pavimentação de Vias Urbanas",M39,M61)) -> 0 | I24: =IF($A$10=$M$16,N28,IF($A$10="Construção de Praças Urbanas, Rodovias, Ferrovias e Recapeamento e Pavimentação de Vias Urbanas",N39,N61)) -> 0.045 | J24: =IF($A$10=$M$16,O28,IF($A$10="Construção de Praças Urbanas, Rodovias, Ferrovias e Recapeamento e Pavimentação de Vias Urbanas",O39,O61)) -> 0.045 | M24: 0.0059 | N24: 0.0123 | O24: 0.0139
A25: BDI SEM desoneração | E25: BDI PAD | F25: =ROUND((((1+F17+F18+F19)*(1+F20)*(1+F21)/(1-(F22+F23)))-1),4) -> 0.2037 | G25: =IF(AND(F25>=H25, F25<=J25),"OK","NÃO OK") -> OK | H25: =IF($A$10=$M$16,M29,IF($A$10="Construção de Praças Urbanas, Rodovias, Ferrovias e Recapeamento e Pavimentação de Vias Urbanas",M40,M62)) -> 0.2034 | I25: =IF($A$10=$M$16,N29,IF($A$10="Construção de Praças Urbanas, Rodovias, Ferrovias e Recapeamento e Pavimentação de Vias Urbanas",N40,N62)) -> 0.2212 | J25: =IF($A$10=$M$16,O29,IF($A$10="Construção de Praças Urbanas, Rodovias, Ferrovias e Recapeamento e Pavimentação de Vias Urbanas",O40,O62)) -> 0.25 | M25: 0.0616 | N25: 0.074 | O25: 0.0896
A26: BDI COM DESONERAÇÃO | E26: BDI DES | F26: =IF(A10="Sem aplicação de BDI",0,IF(A10="Obras de Educação",0.23,ROUND((((1+F17+F18+F19)*(1+F20)*(1+F21)/(1-(F22+F23+F24)))-1),4))) -> 0.2643 | G26: =IF(H10<>"Sim","",IF(COUNTIF(G17:G25,"NÃO OK")>0,"NÃO OK","OK")) -> OK | M26: 0.0365 | N26: 0.0365 | O26: 0.0365
M27: 0 | N27: 0.025 | O27: 0.05
M28: 0 | N28: 0.045 | O28: 0.045
M29: 0.2034 | N29: 0.2212 | O29: 0.25
A30: Observações:
A31: =IF(A10="Obras de Educação","Aplicação de BDI setorial conforme pré estabelecido na planilha FDE"," ")
M32: 0.038 | N32: 0.0401 | O32: 0.0467
M33: 0.0032 | N33: 0.004 | O33: 0.0074
M34: 0.005 | N34: 0.0056 | O34: 0.0097
M35: 0.0102 | N35: 0.0111 | O35: 0.0121
M36: 0.0664 | N36: 0.073 | O36: 0.0869
M37: 0.0365 | N37: 0.0365 | O37: 0.0365
M38: 0 | N38: 0.025 | O38: 0.05
M39: 0 | N39: 0.045 | O39: 0.045
M40: 0.196 | N40: 0.2097 | O40: 0.2423
A45: Ibiúna, 14 de Abril de 2026.
A52: Nome: | B52: =Dados!B14 -> JEFERSON JOSÉ VIEIRA RUIVO
A53: Título: | B53: =Dados!B15 -> ENGENHEIRO CIVIL
A54: CREA/CAU: | B54: =Dados!B16 -> 5070232434 | M54: 0.015 | N54: 0.0345 | O54: 0.0449
M55: 0.003 | N55: 0.0048 | O55: 0.0082

Sheet Orçamentária-CDHU
A1: PLANILHA ORÇAMENTÁRIA
A2: PREFEITURA MUNICIPAL DA ESTÂNCIA TURÍSTICA DE IBIÚNA
A3: =Dados!A3 -> OBJETO:REFORMA DA FACHADA DO HOSPITAL
A4: =Dados!A4 -> ENDEREÇO: AVENIDA GABRIEL MONTEIRO DA SILVA Nº 888 - CENTRO - IBIÚNA - SP
A5: =Dados!A5 -> DATA DA ELABORAÇÃO: 14/04/2026
A6: =Dados!A6 -> FONTE: CDHU 201 - SINAPI MARÇO/2026 - AMBOS DESONERADOS
A7: =Dados!A7 -> PRAZO DE EXECUÇÃO: 06 MESES
A9: Item | B9: Fonte | C9: Código | D9: Descrição dos Serviços | E9: Unidade | F9: Quantidade | G9: Preço Unitário (Sem BDI) | H9: Preço Total (Sem BDI) | I9: Preço Total (Com BDI)
A10: MACROSSERVIÇO
A11: 1 | D11: SERVIÇOS PRLIMINARES
A12: 1.1 | B12: CDHU | C12: 02.08.020 | D12: Placa de identificação para obra | E12: M² | F12: 6 | G12: 882.62 | H12: =ROUND(F12*G12,2) -> 5295.72 | I12: =ROUND(F12*G12*(1+$I$142/100),2) -> 6695.38
A13: 1.2 | B13: CDHU | C13: 02.03.120 | D13: Tapume fixo para fechamento de áreas, com portão | E13: M² | F13: 70 | G13: 105.44 | H13: =ROUND(F13*G13,2) -> 7380.8 | I13: =ROUND(F13*G13*(1+$I$142/100),2) -> 9331.55
A14: 1.3 | B14: CDHU | C14: 02.05.202 | D14: Andaime torre metálico (1,5 x 1,5 m) com piso metálico | E14: MXMES | F14: 20 | G14: 27.98 | H14: =ROUND(F14*G14,2) -> 559.6 | I14: =ROUND(F14*G14*(1+$I$142/100),2) -> 707.5
A15: 1.4 | B15: CDHU | C15: 02.05.060 | D15: Montagem e desmontagem de andaime torre metálica com altura até 10 m | E15: M | F15: 20 | G15: 12.9 | H15: =ROUND(F15*G15,2) -> 258 | I15: =ROUND(F15*G15*(1+$I$142/100),2) -> 326.19
G16: SUBTOTAL | H16: =SUM(H12:H15) -> 13494.12 | I16: =SUM(I12:I15) -> 17060.62
A17: 2 | D17: DEMOLIÇOES E MUDANÇA DO AR CONDICIONADO
A18: 2.1 | B18: CDHU | C18: 03.01.020 | D18: Demolição manual de concreto simples | E18: M³ | F18: 20 | G18: 233.09 | H18: =ROUND(F18*G18,2) -> 4661.8 | I18: =ROUND(F18*G18*(1+$I$142/100),2) -> 5893.91
A19: 2.2 | B19: CDHU | C19: 03.01.040 | D19: Demolição manual de concreto armado | E19: M³ | F19: 20 | G19: 423.8 | H19: =ROUND(F19*G19,2) -> 8476 | I19: =ROUND(F19*G19*(1+$I$142/100),2) -> 10716.21
A20: 2.3 | B20: CDHU | C20: 03.08.060 | D20: Demolição manual de forro em gesso, inclusive sistema de fixação | E20: M² | F20: 60 | G20: 6.36 | H20: =ROUND(F20*G20,2) -> 381.6 | I20: =ROUND(F20*G20*(1+$I$142/100),2) -> 482.46
A21: 2.4 | B21: CDHU | C21: 03.03.060 | D21: Demolição manual de revestimento em massa de piso | E21: M² | F21: 280 | G21: 10.6 | H21: =ROUND(F21*G21,2) -> 2968 | I21: =ROUND(F21*G21*(1+$I$142/100),2) -> 3752.44
A22: 2.5 | B22: CDHU | C22: 04.03.040 | D22: Retirada de telhamento perfil e material qualquer, exceto barro | E22: M² | F22: 100 | G22: 8.48 | H22: =ROUND(F22*G22,2) -> 848 | I22: =ROUND(F22*G22*(1+$I$142/100),2) -> 1072.13
A23: 2.6 | B23: CDHU | C23: 46.10.010 | D23: Tubo de cobre classe A, DN= 15mm (1/2´), inclusive conexões | E23: M | F23: 40 | G23: 102.57 | H23: =ROUND(F23*G23,2) -> 4102.8 | I23: =ROUND(F23*G23*(1+$I$142/100),2) -> 5187.17
A24: 2.7 | B24: CDHU | C24: 46.10.020 | D24: Tubo de cobre classe A, DN= 22mm (3/4´), inclusive conexões | E24: M | F24: 40 | G24: 145.9 | H24: =ROUND(F24*G24,2) -> 5836 | I24: =ROUND(F24*G24*(1+$I$142/100),2) -> 7378.45
A25: 2.8 | B25: CDHU | C25: 02.05.202 | D25: Andaime torre metálico (1,5 x 1,5 m) com piso metálico | E25: MXMES | F25: 40 | G25: 27.98 | H25: =ROUND(F25*G25,2) -> 1119.2 | I25: =ROUND(F25*G25*(1+$I$142/100),2) -> 1415
A26: 2.9 | B26: CDHU | C26: 02.05.060 | D26: Montagem e desmontagem de andaime torre metálica com altura até 10 m | E26: M | F26: 40 | G26: 12.9 | H26: =ROUND(F26*G26,2) -> 516 | I26: =ROUND(F26*G26*(1+$I$142/100),2) -> 652.38
A27: 2.10 | B27: CDHU | C27: 39.02.020 | D27: Cabo de cobre de 4 mm², isolamento 750 V - isolação em PVC 70°C | E27: M | F27: 200 | G27: 7.35 | H27: =ROUND(F27*G27,2) -> 1470 | I27: =ROUND(F27*G27*(1+$I$142/100),2) -> 1858.52
A28: 2.15 | B28: CDHU | C28: 05.07.040 | D28: Remoção de entulho separado de obra com caçamba metálica - terra,alvenaria, concreto, argamassa, madeira, papel, plástico ou metal | E28: M³ | F28: 60 | G28: 111.74 | H28: =ROUND(F28*G28,2) -> 6704.4 | I28: =ROUND(F28*G28*(1+$I$142/100),2) -> 8476.37
A29: 2.16 | B29: CDHU | C29: 05.07.070 | D29: Remoção de entulho de obra com caçamba metálica - gesso e/ou drywall | E29: M³ | F29: 40 | G29: 135.86 | H29: =ROUND(F29*G29,2) -> 5434.4 | I29: =ROUND(F29*G29*(1+$I$142/100),2) -> 6870.71
G30: SUBTOTAL | H30: =SUM(H18:H29) -> 42518.2 | I30: =SUM(I18:I29) -> 53755.75
A31: 3 | D31: RAMPA
A32: 3.1 | B32: CDHU | C32: 04.09.100 | D32: Retirada de guarda-corpo ou gradil em geral | E32: M² | F32: 30 | G32: 32.88 | H32: =ROUND(F32*G32,2) -> 986.4 | I32: =ROUND(F32*G32*(1+$I$142/100),2) -> 1247.11
A33: 3.2 | B33: CDHU | C33: 11.01.130 | D33: Concreto usinado, fck = 25 MPa | E33: M³ | F33: 6 | G33: 516.96 | H33: =ROUND(F33*G33,2) -> 3101.76 | I33: =ROUND(F33*G33*(1+$I$142/100),2) -> 3921.56
A34: 3.3 | B34: CDHU | C34: 17.03.040 | D34: Cimentado desempenado e alisado (queimado) | E34: M² | F34: 280 | G34: 41.11 | H34: =ROUND(F34*G34,2) -> 11510.8 | I34: =ROUND(F34*G34*(1+$I$142/100),2) -> 14553.1
A35: 3.4 | B35: CDHU | C35: 10.01.020 | D35: Armadura em barra de aço CA-25 fyk = 250 MPa | E35: KG | F35: 300 | G35: 11.25 | H35: =ROUND(F35*G35,2) -> 3375 | I35: =ROUND(F35*G35*(1+$I$142/100),2) -> 4267.01
A36: 3.5 | B36: CDHU | C36: 15.03.030 | D36: Fornecimento e montagem de estrutura em aço ASTM-A36, sem pintura | E36: KG | F36: 1000 | G36: 29.12 | H36: =ROUND(F36*G36,2) -> 29120 | I36: =ROUND(F36*G36*(1+$I$142/100),2) -> 36816.42
A37: 3.6 | B37: CDHU | C37: 16.13.060 | D37: Telhamento em chapa de aço pré-pintada, tipo sanduíche, espessura de 0,50mm, com lã de rocha | E37: M² | F37: 100 | G37: 216.63 | H37: =ROUND(F37*G37,2) -> 21663 | I37: =ROUND(F37*G37*(1+$I$142/100),2) -> 27388.53
A38: 3.7 | B38: CDHU | C38: 14.04.210 | D38: Alvenaria de bloco cerâmico de vedação de 14 cm | E38: M² | F38: 30 | G38: 83.66 | H38: =ROUND(F38*G38,2) -> 2509.8 | I38: =ROUND(F38*G38*(1+$I$142/100),2) -> 3173.14
A39: 3.8 | B39: CDHU | C39: 17.02.020 | D39: Chapisco | E39: M² | F39: 60 | G39: 7.44 | H39: =ROUND(F39*G39,2) -> 446.4 | I39: =ROUND(F39*G39*(1+$I$142/100),2) -> 564.38
A40: 3.9 | B40: CDHU | C40: 17.02.120 | D40: Emboço comum | E40: M² | F40: 60 | G40: 23.79 | H40: =ROUND(F40*G40,2) -> 1427.4 | I40: =ROUND(F40*G40*(1+$I$142/100),2) -> 1804.66
A41: 3.10 | B41: CDHU | C41: 17.02.220 | D41: Reboco | E41: M² | F41: 60 | G41: 13.77 | H41: =ROUND(F41*G41,2) -> 826.2 | I41: =ROUND(F41*G41*(1+$I$142/100),2) -> 1044.56
A42: 3.11 | B42: CDHU | C42: 33.10.030 | D42: Tinta acrílica antimofo em massa, inclusive preparo | E42: M² | F42: 60 | G42: 36.43 | H42: =ROUND(F42*G42,2) -> 2185.8 | I42: =ROUND(F42*G42*(1+$I$142/100),2) -> 2763.51
A43: 3.12 | B43: CDHU | C43: 14.28.012 | D43: Elemento vazado em cerâmica, tipo quadriculado de 18 x 18 x 7 cm | E43: M² | F43: 50 | G43: 260.12 | H43: =ROUND(F43*G43,2) -> 13006 | I43: =ROUND(F43*G43*(1+$I$142/100),2) -> 16443.49
... A48: 3.17 | B48: CDHU | C48: 16.33.022 | D48: Calha, rufo, afins em chapa galvanizada nº 24 - corte 0,33 m | E48: M | F48: 15 | G48: 114.72 | H48: =ROUND(F48*G48,2) -> 1720.8 | I48: =ROUND(F48*G48*(1+$I$142/100),2) -> 2175.61
A49: 3.18 | B49: CDHU | C49: 46.05.020 | D49: Tubo PVC rígido, tipo Coletor Esgoto, junta elástica, DN= 100 mm,inclusive conexões | E49: M | F49: =5*4 -> 20 | G49: 47.19 | H49: =ROUND(F49*G49,2) -> 943.8 | I49: =ROUND(F49*G49*(1+$I$142/100),2) -> 1193.25
G50: SUBTOTAL | H50: =SUM(H32:H49) -> 159008.05 | I50: =SUM(I32:I49) -> 201033.87
A51: 4 | D51: EXTENSÃO DA RECEPÇÃO
A52: 4.1 | B52: CDHU | C52: 17.10.020 | D52: Piso em granilite moldado no local | E52: M² | F52: 140 | G52: 108.83 | H52: =ROUND(F52*G52,2) -> 15236.2 | I52: =ROUND(F52*G52*(1+$I$142/100),2) -> 19263.13
A53: 4.2 | B53: CDHU | C53: 35.04.120 | D53: Banco em concreto pré-moldado, comprimento 150 cm | E53: UNI | F53: 4 | G53: 587.15 | H53: =ROUND(F53*G53,2) -> 2348.6 | I53: =ROUND(F53*G53*(1+$I$142/100),2) -> 2969.33
A54: 4.3 | B54: CDHU | C54: 25.01.040 | D54: Caixilho basculante em alumínio anodizado, sob medida | E54: M² | F54: =12*1 -> 12 | G54: 1344.53 | H54: =ROUND(F54*G54,2) -> 16134.36 | I54: =ROUND(F54*G54*(1+$I$142/100),2) -> 20398.67
A55: 4.4 | B55: CDHU | C55: 26.02.060 | D55: Vidro temperado incolor de 10 mm | E55: M² | F55: 50 | G55: 277.29 | H55: =ROUND(F55*G55,2) -> 13864.5 | I55: =ROUND(F55*G55*(1+$I$142/100),2) -> 17528.89
A56: 4.5 | B56: CDHU | C56: 15.03.030 | D56: Fornecimento e montagem de estrutura em aço ASTM-A36, sem pintura | E56: KG | F56: 1100 | G56: 29.12 | H56: =ROUND(F56*G56,2) -> 32032 | I56: =ROUND(F56*G56*(1+$I$142/100),2) -> 40498.06
A57: 4.6 | B57: CDHU | C57: 16.13.060 | D57: Telhamento em chapa de aço pré-pintada, tipo sanduíche, espessura de 0,50mm, com lã de rocha | E57: M² | F57: 110 | G57: 216.63 | H57: =ROUND(F57*G57,2) -> 23829.3 | I57: =ROUND(F57*G57*(1+$I$142/100),2) -> 30127.38
A58: 4.7 | B58: CDHU | C58: 22.03.122 | D58: Forro em fibra mineral NRC 0.85, em placas acústicas removíveis de 625mm x 1250mm | E58: M² | F58: 110 | G58: 319.83 | H58: =ROUND(F58*G58,2) -> 35181.3 | I58: =ROUND(F58*G58*(1+$I$142/100),2) -> 44479.72
A59: 4.8 | B59: CDHU | C59: 04.09.020 | D59: Retirada de esquadria metálica em geral | E59: M² | F59: 6 | G59: 32.88 | H59: =ROUND(F59*G59,2) -> 197.28 | I59: =ROUND(F59*G59*(1+$I$142/100),2) -> 249.42
A60: 4.9 | B60: CDHU | C60: 14.04.210 | D60: Alvenaria de bloco cerâmico de vedação de 14 cm | E60: M² | F60: 5 | G60: 83.66 | H60: =ROUND(F60*G60,2) -> 418.3 | I60: =ROUND(F60*G60*(1+$I$142/100),2) -> 528.86
A61: 4.10 | B61: CDHU | C61: 10.01.040 | D61: Armadura em barra de aço CA-50 (A ou B) fyk = 500 MPa | E61: KG | F61: 30 | G61: 9.95 | H61: =ROUND(F61*G61,2) -> 298.5 | I61: =ROUND(F61*G61*(1+$I$142/100),2) -> 377.39
A62: 4.11 | B62: CDHU | C62: 17.02.020 | D62: Chapisco | E62: M² | F62: 10 | G62: 7.44 | H62: =ROUND(F62*G62,2) -> 74.4 | I62: =ROUND(F62*G62*(1+$I$142/100),2) -> 94.06
A63: 4.12 | B63: CDHU | C63: 17.02.120 | D63: Emboço comum | E63: M² | F63: 10 | G63: 23.79 | H63: =ROUND(F63*G63,2) -> 237.9 | I63: =ROUND(F63*G63*(1+$I$142/100),2) -> 300.78
A64: 4.13 | B64: CDHU | C64: 17.02.220 | D64: Reboco | E64: M² | F64: 10 | G64: 13.77 | H64: =ROUND(F64*G64,2) -> 137.7 | I64: =ROUND(F64*G64*(1+$I$142/100),2) -> 174.09
A65: 4.14 | B65: CDHU | C65: 33.10.030 | D65: Tinta acrílica antimofo em massa, inclusive preparo | E65: M² | F65: 10 | G65: 36.43 | H65: =ROUND(F65*G65,2) -> 364.3 | I65: =ROUND(F65*G65*(1+$I$142/100),2) -> 460.58
G66: SUBTOTAL | H66: =SUM(H52:H65) -> 140354.64 | I66: =SUM(I52:I65) -> 177450.36
A67: 5 | D67: REPAROS INTERNOS NA RECEPÇÃO/CORREDOR E SANITÁRIOS
A68: 5.1 | B68: CDHU | C68: 17.40.010 | D68: Reparos em piso de granilite - estucamento e polimento | E68: M² | F68: 1000 | G68: 56.21 | H68: =ROUND(F68*G68,2) -> 56210 | I68: =ROUND(F68*G68*(1+$I$142/100),2) -> 71066.3
A69: 5.2 | B69: CDHU | C69: 17.40.160 | D69: Resina epóxi para piso de granilite | E69: M² | F69: 1000 | G69: 50.12 | H69: =ROUND(F69*G69,2) -> 50120 | I69: =ROUND(F69*G69*(1+$I$142/100),2) -> 63366.72
A70: 5.3 | B70: CDHU | C70: 21.03.151 | D70: Revestimento em placa de alumínio composto "ACM", espessura de 4 | E70: M² | F70: 30 | G70: 861.52 | H70: =ROUND(F70*G70,2) -> 25845.6 | I70: =ROUND(F70*G70*(1+$I$142/100),2) -> 32676.59
A71: 5.4 | B71: CDHU | C71: 23.09.050 | D71: Porta lisa com batente madeira - 90 x 210 cm | E71: UNI | F71: 2 | G71: 670.25 | H71: =ROUND(F71*G71,2) -> 1340.5 | I71: =ROUND(F71*G71*(1+$I$142/100),2) -> 1694.79
A72: 5.5 | B72: CDHU | C72: 04.08.020 | D72: Retirada de folha de esquadria em madeira | E72: UNI | F72: 6 | G72: 23.5 | H72: =ROUND(F72*G72,2) -> 141 | I72: =ROUND(F72*G72*(1+$I$142/100),2) -> 178.27
A73: 5.6 | B73: CDHU | C73: 04.08.060 | D73: Retirada de batente com guarnição e peças lineares em madeira,chumbados | E73: M | F73: 30 | G73: 14.1 | H73: =ROUND(F73*G73,2) -> 423 | I73: =ROUND(F73*G73*(1+$I$142/100),2) -> 534.8
A74: 5.7 | B74: CDHU | C74: 04.11.020 | D74: Retirada de aparelho sanitário incluindo acessórios | E74: UNI | F74: 4 | G74: 46.37 | H74: =ROUND(F74*G74,2) -> 185.48 | I74: =ROUND(F74*G74*(1+$I$142/100),2) -> 234.5
A75: 5.8 | B75: CDHU | C75: 03.04.020 | D75: Demolição manual de revestimento cerâmico, incluindo a base | E75: M² | F75: 60 | G75: 12.71 | H75: =ROUND(F75*G75,2) -> 762.6 | I75: =ROUND(F75*G75*(1+$I$142/100),2) -> 964.16
A76: 5.9 | B76: CDHU | C76: 03.08.060 | D76: Demolição manual de forro em gesso, inclusive sistema de fixação | E76: M² | F76: 60 | G76: 6.36 | H76: =ROUND(F76*G76,2) -> 381.6 | I76: =ROUND(F76*G76*(1+$I$142/100),2) -> 482.46
A77: 5.10 | B77: CDHU | C77: 05.07.040 | D77: Remoção de entulho separado de obra com caçamba metálica - terra,alvenaria, concreto, argamassa, madeira, papel, plástico ou metal | E77: M³ | F77: 20 | G77: 111.74 | H77: =ROUND(F77*G77,2) -> 2234.8 | I77: =ROUND(F77*G77*(1+$I$142/100),2) -> 2825.46
A78: 5.11 | B78: CDHU | C78: 22.03.122 | D78: Forro em fibra mineral NRC 0.85, em placas acústicas removíveis de 625mm x 1250mm | E78: M² | F78: 60 | G78: 319.83 | H78: =ROUND(F78*G78,2) -> 19189.8 | I78: =ROUND(F78*G78*(1+$I$142/100),2) -> 24261.66
A79: 5.12 | B79: CDHU | C79: 04.11.080 | D79: Retirada de registro ou válvula embutidos | E79: UNI | F79: 2 | G79: 59.27 | H79: =ROUND(F79*G79,2) -> 118.54 | I79: =ROUND(F79*G79*(1+$I$142/100),2) -> 149.87
... A90: 5.23 | B90: CDHU | C90: 30.01.061 | D90: Barra de apoio lateral para lavatório, para pessoas com mobilidade reduzida, em tubo de aço inoxidável de 1.1/4", comprimento 25 a 30 cm | E90: UNI | F90: 2 | G90: 186.41 | H90: =ROUND(F90*G90,2) -> 372.82 | I90: =ROUND(F90*G90*(1+$I$142/100),2) -> 471.36
A91: 5.24 | B91: CDHU | C91: composição 1 | D91: Chapa em MDF com revestimento melamínico | E91: M2 | F91: =+(4+2.4)*2.7 -> 17.28 | G91: =+'Composição 1'!H19 -> 304.99 | H91: =ROUND(F91*G91,2) -> 5270.23 | I91: =ROUND(F91*G91*(1+$I$142/100),2) -> 6663.15
G92: SUBTOTAL | H92: =SUM(H68:H90) -> 176366.92 | I92: =SUM(I68:I90) -> 222980.7
A93: 6 | D93: NOVA TRIAGEM E MUDANÇAS INTERNAS
A94: 6.1 | B94: CDHU | C94: 03.01.020 | D94: Demolição manual de concreto simples | E94: M³ | F94: 30 | G94: 233.09 | H94: =ROUND(F94*G94,2) -> 6992.7 | I94: =ROUND(F94*G94*(1+$I$142/100),2) -> 8840.87
A95: 6.2 | B95: CDHU | C95: 05.07.040 | D95: Remoção de entulho separado de obra com caçamba metálica - terra,alvenaria, concreto, argamassa, madeira, papel, plástico ou metal | E95: M³ | F95: 30 | G95: 111.74 | H95: =ROUND(F95*G95,2) -> 3352.2 | I95: =ROUND(F95*G95*(1+$I$142/100),2) -> 4238.19
A96: 6.3 | B96: CDHU | C96: 14.04.210 | D96: Alvenaria de bloco cerâmico de vedação de 14 cm | E96: M² | F96: 27 | G96: 83.66 | H96: =ROUND(F96*G96,2) -> 2258.82 | I96: =ROUND(F96*G96*(1+$I$142/100),2) -> 2855.83
A97: 6.4 | B97: CDHU | C97: 17.02.020 | D97: Chapisco | E97: M² | F97: 54 | G97: 7.44 | H97: =ROUND(F97*G97,2) -> 401.76 | I97: =ROUND(F97*G97*(1+$I$142/100),2) -> 507.95
A98: 6.5 | B98: CDHU | C98: 17.02.120 | D98: Emboço comum | E98: M² | F98: 54 | G98: 23.79 | H98: =ROUND(F98*G98,2) -> 1284.66 | I98: =ROUND(F98*G98*(1+$I$142/100),2) -> 1624.2
A99: 6.6 | B99: CDHU | C99: 10.01.040 | D99: Armadura em barra de aço CA-50 (A ou B) fyk = 500 MPa | E99: KG | F99: 70 | G99: 9.95 | H99: =ROUND(F99*G99,2) -> 696.5 | I99: =ROUND(F99*G99*(1+$I$142/100),2) -> 880.58
A100: 6.7 | B100: CDHU | C100: 17.02.220 | D100: Reboco | E100: M² | F100: 54 | G100: 13.77 | H100: =ROUND(F100*G100,2) -> 743.58 | I100: =ROUND(F100*G100*(1+$I$142/100),2) -> 940.11
A101: 6.8 | B101: CDHU | C101: 33.10.060 | D101: Epóxi em massa, inclusive preparo | E101: M² | F101: 54 | G101: 149.44 | H101: =ROUND(F101*G101,2) -> 8069.76 | I101: =ROUND(F101*G101*(1+$I$142/100),2) -> 10202.6
A102: 6.9 | B102: CDHU | C102: 23.09.050 | D102: Porta lisa com batente madeira - 90 x 210 cm | E102: UNI | F102: 2 | G102: 670.25 | H102: =ROUND(F102*G102,2) -> 1340.5 | I102: =ROUND(F102*G102*(1+$I$142/100),2) -> 1694.79
A103: 6.10 | B103: CDHU | C103: 04.08.060 | D103: Retirada de batente com guarnição e peças lineares em madeira,chumbados | E103: M | F103: 6 | G103: 14.1 | H103: =ROUND(F103*G103,2) -> 84.6 | I103: =ROUND(F103*G103*(1+$I$142/100),2) -> 106.96
A104: 6.11 | B104: CDHU | C104: 04.08.020 | D104: Retirada de folha de esquadria em madeira | E104: UNI | F104: 2 | G104: 23.5 | H104: =ROUND(F104*G104,2) -> 47 | I104: =ROUND(F104*G104*(1+$I$142/100),2) -> 59.42
A105: 6.12 | B105: CDHU | C105: 25.02.010 | D105: Porta de entrada de abrir em alumínio anodizado com vidro - linha comercial | E105: M² | F105: 7 | G105: 553.85 | H105: =ROUND(F105*G105,2) -> 3876.95 | I105: =ROUND(F105*G105*(1+$I$142/100),2) -> 4901.63
A106: 6.13 | B106: CDHU | C106: 28.20.810 | D106: Equipamento automatizador telescópico unilateral de portas deslizantes para folha dupla | E106: CJ | F106: 1 | G106: 16635.88 | H106: =ROUND(F106*G106,2) -> 16635.88 | I106: =ROUND(F106*G106*(1+$I$142/100),2) -> 21032.74
G107: SUBTOTAL | H107: =SUM(H94:H106) -> 45784.91 | I107: =SUM(I94:I106) -> 57885.87
A108: 7 | D108: URGÊNCIA E EMERGÊNCIA
A109: 7.1 | B109: CDHU | C109: 03.01.020 | D109: Demolição manual de concreto simples | E109: M³ | F109: 6 | G109: 233.09 | H109: =ROUND(F109*G109,2) -> 1398.54 | I109: =ROUND(F109*G109*(1+$I$142/100),2) -> 1768.17
A110: 7.2 | C110: 03.04.020 | D110: Demolição manual de revestimento cerâmico, incluindo a base | E110: M² | F110: 200 | G110: 12.71 | H110: =ROUND(F110*G110,2) -> 2542 | I110: =ROUND(F110*G110*(1+$I$142/100),2) -> 3213.85
A111: 7.3 | B111: CDHU | C111: 05.07.040 | D111: Remoção de entulho separado de obra com caçamba metálica - terra,alvenaria, concreto, argamassa, madeira, papel, plástico ou metal | E111: M³ | F111: 28 | G111: 111.74 | H111: =ROUND(F111*G111,2) -> 3128.72 | I111: =ROUND(F111*G111*(1+$I$142/100),2) -> 3955.64
A112: 7.4 | B112: CDHU | C112: 04.14.040 | D112: Retirada de esquadria em vidro | E112: M² | F112: =2*2.1 -> 4.2 | G112: 46.98 | H112: =ROUND(F112*G112,2) -> 197.32 | I112: =ROUND(F112*G112*(1+$I$142/100),2) -> 249.47
A113: 7.5 | B113: CDHU | C113: 25.02.010 | D113: Porta de entrada de abrir em alumínio anodizado com vidro - linha comercial | E113: M² | F113: 7.2 | G113: 553.85 | H113: =ROUND(F113*G113,2) -> 3987.72 | I113: =ROUND(F113*G113*(1+$I$142/100),2) -> 5041.67
A114: 7.6 | B114: CDHU | C114: 04.03.040 | D114: Retirada de telhamento perfil e material qualquer, exceto barro | E114: M² | F114: 120 | G114: 8.48 | H114: =ROUND(F114*G114,2) -> 1017.6 | I114: =ROUND(F114*G114*(1+$I$142/100),2) -> 1286.55
A115: 7.7 | B115: CDHU | C115: 15.03.030 | D115: Fornecimento e montagem de estrutura em aço ASTM-A36, sem pintura | E115: KG | F115: =120*10 -> 1200 | G115: 29.12 | H115: =ROUND(F115*G115,2) -> 34944 | I115: =ROUND(F115*G115*(1+$I$142/100),2) -> 44179.7
...

Sheet Composição 1
A1: PLANILHA DE COMPOSIÇÕES
A2: PREFEITURA MUNICIPAL DA ESTÂNCIA TURÍSTICA DE IBIÚNA
A3: =Dados!A3 -> OBJETO:REFORMA DA FACHADA DO HOSPITAL
A4: =Dados!A4 -> ENDEREÇO: AVENIDA GABRIEL MONTEIRO DA SILVA Nº 888 - CENTRO - IBIÚNA - SP
A5: =Dados!A5 -> DATA DA ELABORAÇÃO: 14/04/2026
A6: =Dados!A6 -> FONTE: CDHU 201 - SINAPI MARÇO/2026 - AMBOS DESONERADOS
A7: =Dados!A7 -> PRAZO DE EXECUÇÃO: 06 MESES
A9: Item | B9: Fonte | C9: Código | D9: Descrição dos Serviços | E9: Unidade | F9: Quantidade | G9: Preço Unitário (Sem BDI) | H9: Preço Total (Sem BDI)
A10: Composição 1 - Chapa em MDF com revestimento melamínico
A11: 1 | D11: ETAPA
A12: 1.1 | B12: CDHU | C12: B.01.000.010101 | D12: Ajudante geral | E12: H | F12: 4 | G12: 9.95 | H12: =ROUND(F12*G12,2) -> 39.8
A13: 1.2 | B13: CDHU | C13: B.01.000.010111 | D13: Carpinteiro | E13: H | F13: 4 | G13: 12.11 | H13: =ROUND(F13*G13,2) -> 48.44
A14: 1.3 | B14: CDHU | C14: B.09.000.039075 | D14: Cola para chapas melamínicas | E14: KG | F14: 0.8 | G14: 71 | H14: =ROUND(F14*G14,2) -> 56.8
A15: 1.4 | B15: CDHU | C15: D.04.000.030360 | D15: Chapa de laminado melamínico | E15: M2 | F15: 1 | G15: 98.37 | H15: =ROUND(F15*G15,2) -> 98.37
A16: 1.5 | B16: CDHU | C16: S.03.000.000001 | D16: Chapa em MDF cru, espessura de 2cm | E16: M2 | F16: 1 | G16: 61.58 | H16: =ROUND(F16*G16,2) -> 61.58
A17: 1.6 | B17: CDHU | C17: E.07.000.020122 | D17: Perfil retangular em alumínio de 50x25x2mm | E17: M | F17: 2 | G17: 38.32 | H17: =ROUND(F17*G17,2) -> 76.64
G18: SUBTOTAL | H18: =SUM(H12:H16) -> 304.99
A19: TOTAL | H19: =H18 -> 304.99
A23: Nome: | B23: =Dados!B14 -> JEFERSON JOSÉ VIEIRA RUIVO
A24: Título: | B24: =Dados!B15 -> ENGENHEIRO CIVIL
A25: CREA/CAU: | B25: =Dados!B16 -> 5070232434

Sheet Cronograma Físico-Financeiro
A1: CRONOGRAMA FÍSICO-FINANCEIRO | J1: EVOLUÇÃO FINANCEIRA
A2: PREFEITURA MUNICIPAL DA ESTÂNCIA TURÍSTICA DE IBIÚNA
A3: =Dados!A3 -> OBJETO:REFORMA DA FACHADA DO HOSPITAL
A4: =Dados!A4 -> ENDEREÇO: AVENIDA GABRIEL MONTEIRO DA SILVA Nº 888 - CENTRO - IBIÚNA - SP
A5: =Dados!A5 -> DATA DA ELABORAÇÃO: 14/04/2026
A6: =Dados!A6 -> FONTE: CDHU 201 - SINAPI MARÇO/2026 - AMBOS DESONERADOS
A7: =Dados!A7 -> PRAZO DE EXECUÇÃO: 06 MESES
A9: Item | B9: Fonte | C9: Código | D9: Descrição dos Serviços | E9: Unidade | F9: Quantidade | G9: Preço Unitário (Sem BDI) | H9: Preço Total (Sem BDI) | I9: Preço Total (Com BDI) | J9: MÊS 01 | K9: MÊS 02 | L9: MÊS 03 | M9: MÊS 04 | N9: MÊS 05 | O9: MÊS 06
A10: MACROSSERVIÇO
A11: 1 | D11: SERVIÇOS PRLIMINARES
A12: 1.1 | B12: CDHU | C12: 02.08.020 | D12: Placa de identificação para obra | E12: M² | F12: 6 | G12: 882.62 | H12: =ROUND(F12*G12,2) -> 5295.72 | I12: =ROUND(F12*G12*(1+$I$142/100),2) -> 6695.38 | J12: 6695.38 | K12: X | L12: X | M12: X | N12: X | O12: X
A13: 1.2 | B13: CDHU | C13: 02.03.120 | D13: Tapume fixo para fechamento de áreas, com portão | E13: M² | F13: 70 | G13: 105.44 | H13: =ROUND(F13*G13,2) -> 7380.8 | I13: =ROUND(F13*G13*(1+$I$142/100),2) -> 9331.55 | J13: 9331.55 | K13: X | L13: X | M13: X | N13: X | O13: X
A14: 1.3 | B14: CDHU | C14: 02.05.202 | D14: Andaime torre metálico (1,5 x 1,5 m) com piso metálico | E14: MXMES | F14: 20 | G14: 27.98 | H14: =ROUND(F14*G14,2) -> 559.6 | I14: =ROUND(F14*G14*(1+$I$142/100),2) -> 707.5 | J14: 707.5 | K14: X | L14: X | M14: X | N14: X | O14: X
A15: 1.4 | B15: CDHU | C15: 02.05.060 | D15: Montagem e desmontagem de andaime torre metálica com altura até 10 m | E15: M | F15: 20 | G15: 12.9 | H15: =ROUND(F15*G15,2) -> 258 | I15: =ROUND(F15*G15*(1+$I$142/100),2) -> 326.19 | J15: 326.19 | K15: X | L15: X | M15: X | N15: X | O15: X
G16: SUBTOTAL | H16: =SUM(H12:H15) -> 13494.12 | I16: =SUM(I12:I15) -> 17060.62 | J16: 17060.62
A17: 2 | D17: DEMOLIÇOES E MUDANÇA DO AR CONDICIONADO
A18: 2.1 | B18: CDHU | C18: 03.01.020 | D18: Demolição manual de concreto simples | E18: M³ | F18: 20 | G18: 233.09 | H18: =ROUND(F18*G18,2) -> 4661.8 | I18: =ROUND(F18*G18*(1+$I$142/100),2) -> 5893.91 | J18: 5893.91 | K18: X | L18: X | M18: X | N18: X | O18: X
A19: 2.2 | B19: CDHU | C19: 03.01.040 | D19: Demolição manual de concreto armado | E19: M³ | F19: 20 | G19: 423.8 | H19: =ROUND(F19*G19,2) -> 8476 | I19: =ROUND(F19*G19*(1+$I$142/100),2) -> 10716.21 | J19: 10716.21 | K19: X | L19: X | M19: X | N19: X | O19: X
A20: 2.3 | B20: CDHU | C20: 03.08.060 | D20: Demolição manual de forro em gesso, inclusive sistema de fixação | E20: M² | F20: 60 | G20: 6.36 | H20: =ROUND(F20*G20,2) -> 381.6 | I20: =ROUND(F20*G20*(1+$I$142/100),2) -> 482.46 | J20: 482.46 | K20: X | L20: X | M20: X | N20: X | O20: X
A21: 2.4 | B21: CDHU | C21: 03.03.060 | D21: Demolição manual de revestimento em massa de piso | E21: M² | F21: 280 | G21: 10.6 | H21: =ROUND(F21*G21,2) -> 2968 | I21: =ROUND(F21*G21*(1+$I$142/100),2) -> 3752.44 | J21: 3752.44 | K21: X | L21: X | M21: X | N21: X | O21: X
A22: 2.5 | B22: CDHU | C22: 04.03.040 | D22: Retirada de telhamento perfil e material qualquer, exceto barro | E22: M² | F22: 100 | G22: 8.48 | H22: =ROUND(F22*G22,2) -> 848 | I22: =ROUND(F22*G22*(1+$I$142/100),2) -> 1072.13 | J22: 1072.13 | K22: X | L22: X | M22: X | N22: X | O22: X
A23: 2.6 | B23: CDHU | C23: 46.10.010 | D23: Tubo de cobre classe A, DN= 15mm (1/2´), inclusive conexões | E23: M | F23: 40 | G23: 102.57 | H23: =ROUND(F23*G23,2) -> 4102.8 | I23: =ROUND(F23*G23*(1+$I$142/100),2) -> 5187.17 | J23: 5187.17 | K23: X | L23: X | M23: X | N23: X | O23: X
A24: 2.7 | B24: CDHU | C24: 46.10.020 | D24: Tubo de cobre classe A, DN= 22mm (3/4´), inclusive conexões | E24: M | F24: 40 | G24: 145.9 | H24: =ROUND(F24*G24,2) -> 5836 | I24: =ROUND(F24*G24*(1+$I$142/100),2) -> 7378.45 | J24: 7378.45 | K24: X | L24: X | M24: X | N24: X | O24: X
A25: 2.8 | B25: CDHU | C25: 02.05.202 | D25: Andaime torre metálico (1,5 x 1,5 m) com piso metálico | E25: MXMES | F25: 40 | G25: 27.98 | H25: =ROUND(F25*G25,2) -> 1119.2 | I25: =ROUND(F25*G25*(1+$I$142/100),2) -> 1415 | J25: 1415 | K25: X | L25: X | M25: X | N25: X | O25: X
A26: 2.9 | B26: CDHU | C26: 02.05.060 | D26: Montagem e desmontagem de andaime torre metálica com altura até 10 m | E26: M | F26: 40 | G26: 12.9 | H26: =ROUND(F26*G26,2) -> 516 | I26: =ROUND(F26*G26*(1+$I$142/100),2) -> 652.38 | J26: 652.38 | K26: X | L26: X | M26: X | N26: X | O26: X
A27: 2.10 | B27: CDHU | C27: 39.02.020 | D27: Cabo de cobre de 4 mm², isolamento 750 V - isolação em PVC 70°C | E27: M | F27: 200 | G27: 7.35 | H27: =ROUND(F27*G27,2) -> 1470 | I27: =ROUND(F27*G27*(1+$I$142/100),2) -> 1858.52 | J27: 1858.52 | K27: X | L27: X | M27: X | N27: X | O27: X
A28: 2.15 | B28: CDHU | C28: 05.07.040 | D28: Remoção de entulho separado de obra com caçamba metálica - terra,alvenaria, concreto, argamassa, madeira, papel, plástico ou metal | E28: M³ | F28: 60 | G28: 111.74 | H28: =ROUND(F28*G28,2) -> 6704.4 | I28: =ROUND(F28*G28*(1+$I$142/100),2) -> 8476.37 | J28: 8476.37 | K28: X | L28: X | M28: X | N28: X | O28: X
A29: 2.16 | B29: CDHU | C29: 05.07.070 | D29: Remoção de entulho de obra com caçamba metálica - gesso e/ou drywall | E29: M³ | F29: 40 | G29: 135.86 | H29: =ROUND(F29*G29,2) -> 5434.4 | I29: =ROUND(F29*G29*(1+$I$142/100),2) -> 6870.71 | J29: 6870.71 | K29: X | L29: X | M29: X | N29: X | O29: X
G30: SUBTOTAL | H30: =SUM(H18:H29) -> 42518.2 | I30: =SUM(I18:I29) -> 53755.75 | J30: 53755.75
A31: 3 | D31: RAMPA
A32: 3.1 | B32: CDHU | C32: 04.09.100 | D32: Retirada de guarda-corpo ou gradil em geral | E32: M² | F32: 30 | G32: 32.88 | H32: =ROUND(F32*G32,2) -> 986.4 | I32: =ROUND(F32*G32*(1+$I$142/100),2) -> 1247.11 | J32: 1247.11 | K32: X | L32: X | M32: X | N32: X | O32: X
A33: 3.2 | B33: CDHU | C33: 11.01.130 | D33: Concreto usinado, fck = 25 MPa | E33: M³ | F33: 6 | G33: 516.96 | H33: =ROUND(F33*G33,2) -> 3101.76 | I33: =ROUND(F33*G33*(1+$I$142/100),2) -> 3921.56 | J33: 3921.56 | K33: X | L33: X | M33: X | N33: X | O33: X
A34: 3.3 | B34: CDHU | C34: 17.03.040 | D34: Cimentado desempenado e alisado (queimado) | E34: M² | F34: 280 | G34: 41.11 | H34: =ROUND(F34*G34,2) -> 11510.8 | I34: =ROUND(F34*G34*(1+$I$142/100),2) -> 14553.1 | J34: 14553.1 | K34: X | L34: X | M34: X | N34: X | O34: X
A35: 3.4 | B35: CDHU | C35: 10.01.020 | D35: Armadura em barra de aço CA-25 fyk = 250 MPa | E35: KG | F35: 300 | G35: 11.25 | H35: =ROUND(F35*G35,2) -> 3375 | I35: =ROUND(F35*G35*(1+$I$142/100),2) -> 4267.01 | J35: 4267.01 | K35: X | L35: X | M35: X | N35: X | O35: X
A36: 3.5 | B36: CDHU | C36: 15.03.030 | D36: Fornecimento e montagem de estrutura em aço ASTM-A36, sem pintura | E36: KG | F36: 1000 | G36: 29.12 | H36: =ROUND(F36*G36,2) -> 29120 | I36: =ROUND(F36*G36*(1+$I$142/100),2) -> 36816.42 | J36: 36816.42 | K36: X | L36: X | M36: X | N36: X | O36: X
A37: 3.6 | B37: CDHU | C37: 16.13.060 | D37: Telhamento em chapa de aço pré-pintada, tipo sanduíche, espessura de 0,50mm, com lã de rocha | E37: M² | F37: 100 | G37: 216.63 | H37: =ROUND(F37*G37,2) -> 21663 | I37: =ROUND(F37*G37*(1+$I$142/100),2) -> 27388.53 | J37: 27388.53 | K37: X | L37: X | M37: X | N37: X | O37: X
A38: 3.7 | B38: CDHU | C38: 14.04.210 | D38: Alvenaria de bloco cerâmico de vedação de 14 cm | E38: M² | F38: 30 | G38: 83.66 | H38: =ROUND(F38*G38,2) -> 2509.8 | I38: =ROUND(F38*G38*(1+$I$142/100),2) -> 3173.14 | J38: 3173.14 | K38: X | L38: X | M38: X | N38: X | O38: X
A39: 3.8 | B39: CDHU | C39: 17.02.020 | D39: Chapisco | E39: M² | F39: 60 | G39: 7.44 | H39: =ROUND(F39*G39,2) -> 446.4 | I39: =ROUND(F39*G39*(1+$I$142/100),2) -> 564.38 | J39: 564.38 | K39: X | L39: X | M39: X | N39: X | O39: X
A40: 3.9 | B40: CDHU | C40: 17.02.120 | D40: Emboço comum | E40: M² | F40: 60 | G40: 23.79 | H40: =ROUND(F40*G40,2) -> 1427.4 | I40: =ROUND(F40*G40*(1+$I$142/100),2) -> 1804.66 | J40: 1804.66 | K40: X | L40: X | M40: X | N40: X | O40: X
A41: 3.10 | B41: CDHU | C41: 17.02.220 | D41: Reboco | E41: M² | F41: 60 | G41: 13.77 | H41: =ROUND(F41*G41,2) -> 826.2 | I41: =ROUND(F41*G41*(1+$I$142/100),2) -> 1044.56 | J41: 1044.56 | K41: X | L41: X | M41: X | N41: X | O41: X
A42: 3.11 | B42: CDHU | C42: 33.10.030 | D42: Tinta acrílica antimofo em massa, inclusive preparo | E42: M² | F42: 60 | G42: 36.43 | H42: =ROUND(F42*G42,2) -> 2185.8 | I42: =ROUND(F42*G42*(1+$I$142/100),2) -> 2763.51 | J42: 2763.51 | K42: X | L42: X | M42: X | N42: X | O42: X
A43: 3.12 | B43: CDHU | C43: 14.28.012 | D43: Elemento vazado em cerâmica, tipo quadriculado de 18 x 18 x 7 cm | E43: M² | F43: 50 | G43: 260.12 | H43: =ROUND(F43*G43,2) -> 13006 | I43: =ROUND(F43*G43*(1+$I$142/100),2) -> 16443.49 | J43: 16443.49 | K43: X | L43: X | M43: X | N43: X | O43: X
... A48: 3.17 | B48: CDHU | C48: 16.33.022 | D48: Calha, rufo, afins em chapa galvanizada nº 24 - corte 0,33 m | E48: M | F48: 15 | G48: 114.72 | H48: =ROUND(F48*G48,2) -> 1720.8 | I48: =ROUND(F48*G48*(1+$I$142/100),2) -> 2175.61 | J48: 2175.61 | K48: X | L48: X | M48: X | N48: X | O48: X
A49: 3.18 | B49: CDHU | C49: 46.05.020 | D49: Tubo PVC rígido, tipo Coletor Esgoto, junta elástica, DN= 100 mm,inclusive conexões | E49: M | F49: =5*4 -> 20 | G49: 47.19 | H49: =ROUND(F49*G49,2) -> 943.8 | I49: =ROUND(F49*G49*(1+$I$142/100),2) -> 1193.25 | J49: 1193.25 | K49: X | L49: X | M49: X | N49: X | O49: X
G50: SUBTOTAL | H50: =SUM(H32:H49) -> 159008.05 | I50: =SUM(I32:I49) -> 201033.87 | J50: 201033.87
A51: 4 | D51: EXTENSÃO DA RECEPÇÃO
A52: 4.1 | B52: CDHU | C52: 17.10.020 | D52: Piso em granilite moldado no local | E52: M² | F52: 140 | G52: 108.83 | H52: =ROUND(F52*G52,2) -> 15236.2 | I52: =ROUND(F52*G52*(1+$I$142/100),2) -> 19263.13 | J52: 19263.13 | K52: X | L52: X | M52: X | N52: X | O52: X
A53: 4.2 | B53: CDHU | C53: 35.04.120 | D53: Banco em concreto pré-moldado, comprimento 150 cm | E53: UNI | F53: 4 | G53: 587.15 | H53: =ROUND(F53*G53,2) -> 2348.6 | I53: =ROUND(F53*G53*(1+$I$142/100),2) -> 2969.33 | J53: 2969.33 | K53: X | L53: X | M53: X | N53: X | O53: X
A54: 4.3 | B54: CDHU | C54: 25.01.040 | D54: Caixilho basculante em alumínio anodizado, sob medida | E54: M² | F54: =12*1 -> 12 | G54: 1344.53 | H54: =ROUND(F54*G54,2) -> 16134.36 | I54: =ROUND(F54*G54*(1+$I$142/100),2) -> 20398.67 | J54: 20398.67 | K54: X | L54: X | M54: X | N54: X | O54: X
A55: 4.4 | B55: CDHU | C55: 26.02.060 | D55: Vidro temperado incolor de 10 mm | E55: M² | F55: 50 | G55: 277.29 | H55: =ROUND(F55*G55,2) -> 13864.5 | I55: =ROUND(F55*G55*(1+$I$142/100),2) -> 17528.89 | J55: 17528.89 | K55: X | L55: X | M55: X | N55: X | O55: X
A56: 4.5 | B56: CDHU | C56: 15.03.030 | D56: Fornecimento e montagem de estrutura em aço ASTM-A36, sem pintura | E56: KG | F56: 1100 | G56: 29.12 | H56: =ROUND(F56*G56,2) -> 32032 | I56: =ROUND(F56*G56*(1+$I$142/100),2) -> 40498.06 | J56: 40498.06 | K56: X | L56: X | M56: X | N56: X | O56: X
A57: 4.6 | B57: CDHU | C57: 16.13.060 | D57: Telhamento em chapa de aço pré-pintada, tipo sanduíche, espessura de 0,50mm, com lã de rocha | E57: M² | F57: 110 | G57: 216.63 | H57: =ROUND(F57*G57,2) -> 23829.3 | I57: =ROUND(F57*G57*(1+$I$142/100),2) -> 30127.38 | J57: 30127.38 | K57: X | L57: X | M57: X | N57: X | O57: X
A58: 4.7 | B58: CDHU | C58: 22.03.122 | D58: Forro em fibra mineral NRC 0.85, em placas acústicas removíveis de 625mm x 1250mm | E58: M² | F58: 110 | G58: 319.83 | H58: =ROUND(F58*G58,2) -> 35181.3 | I58: =ROUND(F58*G58*(1+$I$142/100),2) -> 44479.72 | J58: 44479.72 | K58: X | L58: X | M58: X | N58: X | O58: X
A59: 4.8 | B59: CDHU | C59: 04.09.020 | D59: Retirada de esquadria metálica em geral | E59: M² | F59: 6 | G59: 32.88 | H59: =ROUND(F59*G59,2) -> 197.28 | I59: =ROUND(F59*G59*(1+$I$142/100),2) -> 249.42 | J59: 249.42 | K59: X | L59: X | M59: X | N59: X | O59: X
A60: 4.9 | B60: CDHU | C60: 14.04.210 | D60: Alvenaria de bloco cerâmico de vedação de 14 cm | E60: M² | F60: 5 | G60: 83.66 | H60: =ROUND(F60*G60,2) -> 418.3 | I60: =ROUND(F60*G60*(1+$I$142/100),2) -> 528.86 | J60: 528.86 | K60: X | L60: X | M60: X | N60: X | O60: X
A61: 4.10 | B61: CDHU | C61: 10.01.040 | D61: Armadura em barra de aço CA-50 (A ou B) fyk = 500 MPa | E61: KG | F61: 30 | G61: 9.95 | H61: =ROUND(F61*G61,2) -> 298.5 | I61: =ROUND(F61*G61*(1+$I$142/100),2) -> 377.39 | J61: 377.39 | K61: X | L61: X | M61: X | N61: X | O61: X
A62: 4.11 | B62: CDHU | C62: 17.02.020 | D62: Chapisco | E62: M² | F62: 10 | G62: 7.44 | H62: =ROUND(F62*G62,2) -> 74.4 | I62: =ROUND(F62*G62*(1+$I$142/100),2) -> 94.06 | J62: 94.06 | K62: X | L62: X | M62: X | N62: X | O62: X
A63: 4.12 | B63: CDHU | C63: 17.02.120 | D63: Emboço comum | E63: M² | F63: 10 | G63: 23.79 | H63: =ROUND(F63*G63,2) -> 237.9 | I63: =ROUND(F63*G63*(1+$I$142/100),2) -> 300.78 | J63: 300.78 | K63: X | L63: X | M63: X | N63: X | O63: X
A64: 4.13 | B64: CDHU | C64: 17.02.220 | D64: Reboco | E64: M² | F64: 10 | G64: 13.77 | H64: =ROUND(F64*G64,2) -> 137.7 | I64: =ROUND(F64*G64*(1+$I$142/100),2) -> 174.09 | J64: 174.09 | K64: X | L64: X | M64: X | N64: X | O64: X
A65: 4.14 | B65: CDHU | C65: 33.10.030 | D65: Tinta acrílica antimofo em massa, inclusive preparo | E65: M² | F65: 10 | G65: 36.43 | H65: =ROUND(F65*G65,2) -> 364.3 | I65: =ROUND(F65*G65*(1+$I$142/100),2) -> 460.58 | J65: 460.58 | K65: X | L65: X | M65: X | N65: X | O65: X
G66: SUBTOTAL | H66: =SUM(H52:H65) -> 140354.64 | I66: =SUM(I52:I65) -> 177450.36 | J66: 177450.36
A67: 5 | D67: REPAROS INTERNOS NA RECEPÇÃO/CORREDOR E SANITÁRIOS
A68: 5.1 | B68: CDHU | C68: 17.40.010 | D68: Reparos em piso de granilite - estucamento e polimento | E68: M² | F68: 1000 | G68: 56.21 | H68: =ROUND(F68*G68,2) -> 56210 | I68: =ROUND(F68*G68*(1+$I$142/100),2) -> 71066.3 | J68: X | K68: 71066.3 | L68: X | M68: X | N68: X | O68: X
A69: 5.2 | B69: CDHU | C69: 17.40.160 | D69: Resina epóxi para piso de granilite | E69: M² | F69: 1000 | G69: 50.12 | H69: =ROUND(F69*G69,2) -> 50120 | I69: =ROUND(F69*G69*(1+$I$142/100),2) -> 63366.72 | J69: X | K69: 63366.72 | L69: X | M69: X | N69: X | O69: X
A70: 5.3 | B70: CDHU | C70: 21.03.151 | D70: Revestimento em placa de alumínio composto "ACM", espessura de 4 | E70: M² | F70: 30 | G70: 861.52 | H70: =ROUND(F70*G70,2) -> 25845.6 | I70: =ROUND(F70*G70*(1+$I$142/100),2) -> 32676.59 | J70: X | K70: 32676.59 | L70: X | M70: X | N70: X | O70: X
A71: 5.4 | B71: CDHU | C71: 23.09.050 | D71: Porta lisa com batente madeira - 90 x 210 cm | E71: UNI | F71: 2 | G71: 670.25 | H71: =ROUND(F71*G71,2) -> 1340.5 | I71: =ROUND(F71*G71*(1+$I$142/100),2) -> 1694.79 | J71: X | K71: 1694.79 | L71: X | M71: X | N71: X | O71: X
A72: 5.5 | B72: CDHU | C72: 04.08.020 | D72: Retirada de folha de esquadria em madeira | E72: UNI | F72: 6 | G72: 23.5 | H72: =ROUND(F72*G72,2) -> 141 | I72: =ROUND(F72*G72*(1+$I$142/100),2) -> 178.27 | J72: X | K72: 178.27 | L72: X | M72: X | N72: X | O72: X
A73: 5.6 | B73: CDHU | C73: 04.08.060 | D73: Retirada de batente com guarnição e peças lineares em madeira,chumbados | E73: M | F73: 30 | G73: 14.1 | H73: =ROUND(F73*G73,2) -> 423 | I73: =ROUND(F73*G73*(1+$I$142/100),2) -> 534.8 | J73: X | K73: 534.8 | L73: X | M73: X | N73: X | O73: X
A74: 5.7 | B74: CDHU | C74: 04.11.020 | D74: Retirada de aparelho sanitário incluindo acessórios | E74: UNI | F74: 4 | G74: 46.37 | H74: =ROUND(F74*G74,2) -> 185.48 | I74: =ROUND(F74*G74*(1+$I$142/100),2) -> 234.5 | J74: X | K74: 234.5 | L74: X | M74: X | N74: X | O74: X
A75: 5.8 | B75: CDHU | C75: 03.04.020 | D75: Demolição manual de revestimento cerâmico, incluindo a base | E75: M² | F75: 60 | G75: 12.71 | H75: =ROUND(F75*G75,2) -> 762.6 | I75: =ROUND(F75*G75*(1+$I$142/100),2) -> 964.16 | J75: X | K75: 964.16 | L75: X | M75: X | N75: X | O75: X
A76: 5.9 | B76: CDHU | C76: 03.08.060 | D76: Demolição manual de forro em gesso, inclusive sistema de fixação | E76: M² | F76: 60 | G76: 6.36 | H76: =ROUND(F76*G76,2) -> 381.6 | I76: =ROUND(F76*G76*(1+$I$142/100),2) -> 482.46 | J76: X | K76: 482.46 | L76: X | M76: X | N76: X | O76: X
A77: 5.10 | B77: CDHU | C77: 05.07.040 | D77: Remoção de entulho separado de obra com caçamba metálica - terra,alvenaria, concreto, argamassa, madeira, papel, plástico ou metal | E77: M³ | F77: 20 | G77: 111.74 | H77: =ROUND(F77*G77,2) -> 2234.8 | I77: =ROUND(F77*G77*(1+$I$142/100),2) -> 2825.46 | J77: X | K77: 2825.46 | L77: X | M77: X | N77: X | O77: X
A78: 5.11 | B78: CDHU | C78: 22.03.122 | D78: Forro em fibra mineral NRC 0.85, em placas acústicas removíveis de 625mm x 1250mm | E78: M² | F78: 60 | G78: 319.83 | H78: =ROUND(F78*G78,2) -> 19189.8 | I78: =ROUND(F78*G78*(1+$I$142/100),2) -> 24261.66 | J78: X | K78: 24261.66 | L78: X | M78: X | N78: X | O78: X
A79: 5.12 | B79: CDHU | C79: 04.11.080 | D79: Retirada de registro ou válvula embutidos | E79: UNI | F79: 2 | G79: 59.27 | H79: =ROUND(F79*G79,2) -> 118.54 | I79: =ROUND(F79*G79*(1+$I$142/100),2) -> 149.87 | J79: X | K79: 149.87 | L79: X | M79: X | N79: X | O79: X
... A90: 5.23 | B90: CDHU | C90: 30.01.061 | D90: Barra de apoio lateral para lavatório, para pessoas com mobilidade reduzida, em tubo de aço inoxidável de 1.1/4", comprimento 25 a 30 cm | E90: UNI | F90: 2 | G90: 186.41 | H90: =ROUND(F90*G90,2) -> 372.82 | I90: =ROUND(F90*G90*(1+$I$142/100),2) -> 471.36 | J90: X | K90: 471.36 | L90: X | M90: X | N90: X | O90: X
A91: 5.24 | B91: CDHU | C91: composição 1 | D91: Chapa em MDF com revestimento melamínico | E91: M2 | F91: =+(4+2.4)*2.7 -> 17.28 | G91: =+'Composição 1'!H19 -> 304.99 | H91: =ROUND(F91*G91,2) -> 5270.23 | I91: =ROUND(F91*G91*(1+$I$142/100),2) -> 6663.15 | J91: X | K91: 6663.15 | L91: X | M91: X | N91: X | O91: X
G92: SUBTOTAL | H92: =SUM(H68:H90) -> 176366.92 | I92: =SUM(I68:I90) -> 222980.7 | K92: 222980.7
A93: 6 | D93: NOVA TRIAGEM E MUDANÇAS INTERNAS
A94: 6.1 | B94: CDHU | C94: 03.01.020 | D94: Demolição manual de concreto simples | E94: M³ | F94: 30 | G94: 233.09 | H94: =ROUND(F94*G94,2) -> 6992.7 | I94: =ROUND(F94*G94*(1+$I$142/100),2) -> 8840.87 | J94: X | K94: X | L94: 8840.87 | M94: X | N94: X | O94: X
A95: 6.2 | B95: CDHU | C95: 05.07.040 | D95: Remoção de entulho separado de obra com caçamba metálica - terra,alvenaria, concreto, argamassa, madeira, papel, plástico ou metal | E95: M³ | F95: 30 | G95: 111.74 | H95: =ROUND(F95*G95,2) -> 3352.2 | I95: =ROUND(F95*G95*(1+$I$142/100),2) -> 4238.19 | J95: X | K95: X | L95: 4238.19 | M95: X | N95: X | O95: X
A96: 6.3 | B96: CDHU | C96: 14.04.210 | D96: Alvenaria de bloco cerâmico de vedação de 14 cm | E96: M² | F96: 27 | G96: 83.66 | H96: =ROUND(F96*G96,2) -> 2258.82 | I96: =ROUND(F96*G96*(1+$I$142/100),2) -> 2855.83 | J96: X | K96: X | L96: 2855.83 | M96: X | N96: X | O96: X
A97: 6.4 | B97: CDHU | C97: 17.02.020 | D97: Chapisco | E97: M² | F97: 54 | G97: 7.44 | H97: =ROUND(F97*G97,2) -> 401.76 | I97: =ROUND(F97*G97*(1+$I$142/100),2) -> 507.95 | J97: X | K97: X | L97: 507.95 | M97: X | N97: X | O97: X
A98: 6.5 | B98: CDHU | C98: 17.02.120 | D98: Emboço comum | E98: M² | F98: 54 | G98: 23.79 | H98: =ROUND(F98*G98,2) -> 1284.66 | I98: =ROUND(F98*G98*(1+$I$142/100),2) -> 1624.2 | J98: X | K98: X | L98: 1624.2 | M98: X | N98: X | O98: X
A99: 6.6 | B99: CDHU | C99: 10.01.040 | D99: Armadura em barra de aço CA-50 (A ou B) fyk = 500 MPa | E99: KG | F99: 70 | G99: 9.95 | H99: =ROUND(F99*G99,2) -> 696.5 | I99: =ROUND(F99*G99*(1+$I$142/100),2) -> 880.58 | J99: X | K99: X | L99: 880.58 | M99: X | N99: X | O99: X
A100: 6.7 | B100: CDHU | C100: 17.02.220 | D100: Reboco | E100: M² | F100: 54 | G100: 13.77 | H100: =ROUND(F100*G100,2) -> 743.58 | I100: =ROUND(F100*G100*(1+$I$142/100),2) -> 940.11 | J100: X | K100: X | L100: 940.11 | M100: X | N100: X | O100: X
A101: 6.8 | B101: CDHU | C101: 33.10.060 | D101: Epóxi em massa, inclusive preparo | E101: M² | F101: 54 | G101: 149.44 | H101: =ROUND(F101*G101,2) -> 8069.76 | I101: =ROUND(F101*G101*(1+$I$142/100),2) -> 10202.6 | J101: X | K101: X | L101: 10202.6 | M101: X | N101: X | O101: X
A102: 6.9 | B102: CDHU | C102: 23.09.050 | D102: Porta lisa com batente madeira - 90 x 210 cm | E102: UNI | F102: 2 | G102: 670.25 | H102: =ROUND(F102*G102,2) -> 1340.5 | I102: =ROUND(F102*G102*(1+$I$142/100),2) -> 1694.79 | J102: X | K102: X | L102: 1694.79 | M102: X | N102: X | O102: X
A103: 6.10 | B103: CDHU | C103: 04.08.060 | D103: Retirada de batente com guarnição e peças lineares em madeira,chumbados | E103: M | F103: 6 | G103: 14.1 | H103: =ROUND(F103*G103,2) -> 84.6 | I103: =ROUND(F103*G103*(1+$I$142/100),2) -> 106.96 | J103: X | K103: X | L103: 106.96 | M103: X | N103: X | O103: X
A104: 6.11 | B104: CDHU | C104: 04.08.020 | D104: Retirada de folha de esquadria em madeira | E104: UNI | F104: 2 | G104: 23.5 | H104: =ROUND(F104*G104,2) -> 47 | I104: =ROUND(F104*G104*(1+$I$142/100),2) -> 59.42 | J104: X | K104: X | L104: 59.42 | M104: X | N104: X | O104: X
A105: 6.12 | B105: CDHU | C105: 25.02.010 | D105: Porta de entrada de abrir em alumínio anodizado com vidro - linha comercial | E105: M² | F105: 7 | G105: 553.85 | H105: =ROUND(F105*G105,2) -> 3876.95 | I105: =ROUND(F105*G105*(1+$I$142/100),2) -> 4901.63 | J105: X | K105: X | L105: 4901.63 | M105: X | N105: X | O105: X
A106: 6.13 | B106: CDHU | C106: 28.20.810 | D106: Equipamento automatizador telescópico unilateral de portas deslizantes para folha dupla | E106: CJ | F106: 1 | G106: 16635.88 | H106: =ROUND(F106*G106,2) -> 16635.88 | I106: =ROUND(F106*G106*(1+$I$142/100),2) -> 21032.74 | J106: X | K106: X | L106: 21032.74 | M106: X | N106: X | O106: X
G107: SUBTOTAL | H107: =SUM(H94:H106) -> 45784.91 | I107: =SUM(I94:I106) -> 57885.87 | L107: 57885.87
A108: 7 | D108: URGÊNCIA E EMERGÊNCIA
A109: 7.1 | B109: CDHU | C109: 03.01.020 | D109: Demolição manual de concreto simples | E109: M³ | F109: 6 | G109: 233.09 | H109: =ROUND(F109*G109,2) -> 1398.54 | I109: =ROUND(F109*G109*(1+$I$142/100),2) -> 1768.17 | J109: X | K109: X | L109: X | M109: 1768.17 | N109: X | O109: X
A110: 7.2 | C110: 03.04.020 | D110: Demolição manual de revestimento cerâmico, incluindo a base | E110: M² | F110: 200 | G110: 12.71 | H110: =ROUND(F110*G110,2) -> 2542 | I110: =ROUND(F110*G110*(1+$I$142/100),2) -> 3213.85 | J110: X | K110: X | L110: X | M110: 3213.85 | N110: X | O110: X
A111: 7.3 | B111: CDHU | C111: 05.07.040 | D111: Remoção de entulho separado de obra com caçamba metálica - terra,alvenaria, concreto, argamassa, madeira, papel, plástico ou metal | E111: M³ | F111: 28 | G111: 111.74 | H111: =ROUND(F111*G111,2) -> 3128.72 | I111: =ROUND(F111*G111*(1+$I$142/100),2) -> 3955.64 | J111: X | K111: X | L111: X | M111: 3955.64 | N111: X | O111: X
A112: 7.4 | B112: CDHU | C112: 04.14.040 | D112: Retirada de esquadria em vidro | E112: M² | F112: =2*2.1 -> 4.2 | G112: 46.98 | H112: =ROUND(F112*G112,2) -> 197.32 | I112: =ROUND(F112*G112*(1+$I$142/100),2) -> 249.47 | J112: X | K112: X | L112: X | M112: 249.47 | N112: X | O112: X
A113: 7.5 | B113: CDHU | C113: 25.02.010 | D113: Porta de entrada de abrir em alumínio anodizado com vidro - linha comercial | E113: M² | F113: 7.2 | G113: 553.85 | H113: =ROUND(F113*G113,2) -> 3987.72 | I113: =ROUND(F113*G113*(1+$I$142/100),2) -> 5041.67 | J113: X | K113: X | L113: X | M113: 5041.67 | N113: X | O113: X
A114: 7.6 | B114: CDHU | C114: 04.03.040 | D114: Retirada de telhamento perfil e material qualquer, exceto barro | E114: M² | F114: 120 | G114: 8.48 | H114: =ROUND(F114*G114,2) -> 1017.6 | I114: =ROUND(F114*G114*(1+$I$142/100),2) -> 1286.55 | J114: X | K114: X | L114: X | M114: 1286.55 | N114: X | O114: X
A115: 7.7 | B115: CDHU | C115: 15.03.030 | D115: Fornecimento e montagem de estrutura em aço ASTM-A36, sem pintura | E115: KG | F115: =120*10 -> 1200 | G115: 29.12 | H115: =ROUND(F115*G115,2) -> 34944 | I115: =ROUND(F115*G115*(1+$I$142/100),2) -> 44179.7 | J115: X | K115: X | L115: X | M115: 44179.7 | N115: X | O115: X
...
